 Dungeon Crawl Stone Soup version 0.31.0-12-g77e489cdc1 (webtiles) character file.

Game seed: 6868312067919526996

89415 Peloso the Fencer (level 15, -6/147 HPs)
             Began as a Minotaur Fighter on Feb 24, 2024.
             Was a High Priest of Okawaru.
             Incinerated by a deep elf pyromancer (12 damage)
             ... with a pyre arrow
             ... on level 1 of the Elven Halls.
             The game lasted 01:00:21 (27831 turns).

Peloso the Fencer (Minotaur Fighter)               Turns: 27831, Time: 01:00:22

Health: -6/147     AC: 30    Str: 23    XL:     15   Next: 49%
Magic:  13/16      EV: 17    Int:  1    God:    Okawaru [*****.]
Gold:   3290       SH:  0    Dex: 21    Spells: 14/14 levels left

rFire   . . .        a - +0 scimitar
rCold   + . .        d - orb of Duub {*channel, rPois rCorr Int-4}
rNeg    . . .        x - +1 chain mail {rC+}
rPois   +            (helmet restricted)
rElec   .            v - +0 cloak
rCorr   +            C - +2 pair of gloves
SInv    .            W - +1 pair of boots
Will    +....        H - amulet of regeneration
Stlth   +            g - +4 ring of protection
HPRegen 1.24/turn    J - +6 ring of dexterity
MPRegen 0.15/turn

%: channel magic (20%)
@: on fire, heroic, glowing
A: horns 2, retaliatory headbutt
a: Renounce Religion, Heroism, Finesse, Duel


You were on level 1 of the Elven Halls.
You worshipped Okawaru.
Okawaru was extremely pleased with you.
You visited 4 branches of the dungeon, and saw 21 of its levels.
You also visited: Ice Cave and Volcano.

You collected 3696 gold pieces.
You spent 406 gold pieces at shops.

Inventory:

Hand Weapons
 a - a +0 scimitar (weapon)
 b - the +9 rapier of the Pill Bug {pain, rPois rF+++ rC-}
   (You found it on level 4 of the Dungeon)

   rF+++:     It renders you almost immune to fire.
   rC-:       It makes you vulnerable to cold.
   rPois:     It protects you from poison
 c - a +0 broad axe of flaming
Armour
 d - the orb of Duub (worn) {*channel, rPois rCorr Int-4}
   (You found it on level 8 of the Dungeon)

   Int-4:     It affects your intelligence (-4).
   rPois:     It protects you from poison rCorr: It protects you from acid and
   corrosion.
 v - a +0 cloak (worn)
 x - a +1 chain mail of cold resistance (worn)
 C - a +2 pair of gloves (worn)
 P - a +1 chain mail of fire resistance
 W - a +1 pair of boots (worn)
Jewellery
 g - a +4 ring of protection (left hand)
 h - a ring of poison resistance
 j - a +4 ring of protection
 l - a +4 ring of protection
 m - a ring of ice
 B - a ring of magical power
 F - a ring of flight
 H - an amulet of regeneration (around neck)
 J - a +6 ring of dexterity (right hand)
 L - an amulet of the acrobat
 U - a +5 ring of evasion
 Z - a ring of fire
Wands
 k - a wand of polymorph (14)
 u - a wand of roots (24)
 y - a wand of flame (31)
 A - a wand of digging (6)
 E - a wand of quicksilver (9)
 K - a wand of mindburst (12)
Scrolls
 n - 4 scrolls of blinking
 o - 4 scrolls of fog
 q - a scroll of poison
 r - 2 scrolls of enchant armour
 t - 4 scrolls of teleportation
 w - 4 scrolls of enchant weapon
 G - 2 scrolls of amnesia
 I - 2 scrolls of immolation
 N - 2 scrolls of silence
 V - 2 scrolls of brand weapon
 X - 2 scrolls of identify
Potions
 e - 6 potions of brilliance
 f - a potion of cancellation
 i - 6 potions of might
 p - 5 potions of heal wounds
 s - 3 potions of curing
 z - 3 potions of ambrosia
 D - 5 potions of magic
 M - a potion of haste
 O - 2 potions of mutation
 R - 2 potions of invisibility
 S - 2 potions of resistance
Miscellaneous
 Y - a lightning rod (4/4)


   Skills:
 + Level 17.5(22.5) Fighting
 + Level 4.7(17.2) Short Blades
 + Level 18.7(24.0) Long Blades
 + Level 2.3(7.3) Axes
 + Level 17.9(22.9) Armour
 + Level 7.1(12.1) Dodging
 + Level 1.8(6.8) Stealth
 + Level 7.0(12.0) Shields
 + Level 3.3 Invocations
 + Level 0.2 Evocations


You had 14 spell levels left.
You didn't know any spells.
Your spell library contained the following spells:

 Spells                   Type           Power      Damage    Failure   Level
 Freeze                   Ice            0%         1d3       96%         1
 Kiss of Death            Conj/Necr      0%         2d5       96%         1
 Blink                    Tloc           0%         N/A       99%         2
 Cigotuvi's Dreadful Rot  Necr/Alch/Air  0%         N/A       99%         2
 Lesser Beckoning         Tloc           0%         N/A       99%         2
 Mercury Vapours          Alch/Air       0%         N/A       99%         2
 Momentum Strike          Conj/Tloc      0%         3d8       99%         2
 Sublimation of Blood     Necr           0%         N/A       99%         2
 Confusing Touch          Hex            0%         N/A       100%        3
 Frozen Ramparts          Ice            0%         1d1       100%        3
 Fugue of the Fallen      Necr           0%         N/A       100%        3
 Gell's Gravitas          Tloc           0%         N/A       100%        3
 Hailstorm                Conj/Ice       0%         3d5       100%        3
 Inner Flame              Hex/Fire       0%         N/A       100%        3
 Mephitic Cloud           Conj/Alch/Air  0%         N/A       100%        3
 Ozocubu's Armour         Ice            0%         N/A       100%        3
 Stone Arrow              Conj/Erth      0%         3d7       100%        3
 Teleport Other           Tloc           0%         N/A       100%        3
 Dispel Undead            Necr           0%         3d6       100%        4
 Flame Wave               Conj/Fire      0%         2d4       100%        4
 Manifold Assault         Tloc           0%         N/A       100%        4
 Sticky Flame             Fire/Alch      0%         2d4       100%        4
 Alistair's Intoxication  Alch           0%         N/A       100%        5
 Borgnjor's Vile Clutch   Necr/Erth      0%         N/A       100%        5
 Freezing Cloud           Conj/Ice/Air   0%         6-21      100%        5
 Metabolic Englaciation   Hex/Ice        0%         N/A       100%        5
 Eringya's Noxious Bog    Alch           0%         4d6       100%        6
 Orb of Destruction       Conj           0%         9d5       100%        7
 Lehudib's Crystal Spear  Conj/Erth      0%         10d2      100%        8
 Chain Lightning          Conj/Air       0%         N/A       100%        9
 Fire Storm               Conj/Fire      0%         5d1       100%        9
 Shatter                  Erth           0%         3d5*      100%        9
 Call Imp                 Summ           Unusable   N/A       N/A         2
 Animate Armour           Summ/Erth      Unusable   N/A       N/A         4
 Martyr's Knell           Necr/Summ      Unusable   N/A       N/A         4
 Summon Blazeheart Golem  Fire/Summ      Unusable   N/A       N/A         4
 Death Channel            Necr           Unusable   N/A       N/A         6
 Sculpt Simulacrum        Ice/Alch       Unusable   N/A       N/A         6
 Spellforged Servitor     Conj/Summ      Unusable   N/A       N/A         7
 Summon Hydra             Summ           Unusable   N/A       N/A         7

Dungeon Overview and Level Annotations

Branches:
Dungeon (13/15)            Temple (0/1) D:7            Lair (5/5) D:9
  Swamp (0/4) Lair:3       Spider (0/4) Lair:3        Slime (0/5) Lair:5
    Orc (2/2) D:10            Elf (1/3) Orc:2         IceCv (visited)
Volcano (visited)
 Vaults: D:13-14

Altars:
Ashenzari
Cheibriados
Dithmenos
Elyvilon
Fedhas
Hepliaklqana
Kikubaaqudgha
Makhleb
Nemelex Xobeh
Okawaru
Qazlal
Ru
Uskayaw
Xom
Yredelemnul

Shops:
D:1 =   D:5 =   D:7 *   Orc:2 (*[:=

Portals:
Desolation: Elf:1

Annotations:
D:10 Flight
Lair:3 2 transporters, NoWhale's ghost, journeyman HuIE


Innate Abilities, Weirdness & Mutations

You have a pair of horns on your head.
You reflexively headbutt those who attack you in melee.


Message History

* * * LOW HITPOINT WARNING * * *
You slice something!! Okawaru accepts your kill.
Reactivating autopickup.
You feel a bit more experienced.
The deep elf archer shoots an arrow.
The arrow hits you.
* * * LOW HITPOINT WARNING * * *
The deep elf archer unwields a +0 shortbow.
The deep elf archer wields a +0 dagger.
The deep elf archer hits you but does no damage.
You see here a +0 short sword.
An orc sorcerer comes into view. It is wielding a +0 dagger.
The orc sorcerer shouts!
The deep elf archer hits you with a +0 dagger!
* * * LOW HITPOINT WARNING * * *
You see here a +0 dagger.
A deep elf pyromancer comes into view.
It is wielding a +0 rapier and wearing a +1 leather armour of cold resistance.
The deep elf pyromancer shouts!
You hear a shout!
A deep elf knight comes into view. It is wielding a +0 short sword.
The deep elf pyromancer gestures wildly while chanting.
The deep elf pyromancer blinks!
The deep elf archer hits you but does no damage.
The deep elf pyromancer moves out of view.
You hit the deep elf pyromancer.
Your headbutt misses the deep elf pyromancer.
The deep elf pyromancer is lightly wounded.
The deep elf pyromancer gestures at you while chanting.
The pyre arrow hits you.
You are covered in intense liquid fire!
Unknown command.
You slash the deep elf pyromancer!
Your headbutt misses the deep elf pyromancer.
The deep elf pyromancer is heavily wounded.
The liquid fire burns you!
* * * LOW HITPOINT WARNING * * *
The deep elf archer hits you with a +0 dagger!
* * * LOW HITPOINT WARNING * * *
You shake off some of the fire as you move.
The liquid fire burns you!
You die...

,,,,,,,,,****+*#.# **,,,,,,,,,*,
+****,,,,.e..,,#.# **+****,,,,,
,* *,,,,....,,#.# *,* *,,,,, ,**
*,,,,.....,#.# *,# *,,,,,
,,***,,,,...e.,#.# *.# *,,,,,
,,,,+,,,,......#)######.****,,,,,
*,***,,,,......#§e§§§§.),,,+,,,,,
*,* *,,,,.....o'§e.§§§##****,,,,,
*,* *,,,,......#@§§§§.# **,,,,
*,* *,,,,......#§§§.§§# **,,, *,*
*,,,,...○...§§§§§.# **,, *,*
*,,,,...○....§§§§§# **, *,*
*,,,,..E......§§§§#* ** *,*
*,,,,.○☼...#..§§§§.#* *,*
*,,,,,..............#* *,*
*,,,,,...............#*
*,***,,,,,°.○......e......#*


You could see a deep elf archer (repels missiles), a deep elf knight, 2 deep elf
pyromancers and an orc sorcerer.

Vanquished Creatures
  A tengu reaver (D:13)
  An orc warlord (Orc:1)
  A reaper (IceCv)
  Nessos (Lair:5)
  Snorg (Lair:4)
  A peacekeeper (Elf:1)
  3 hydras
  Fannar (Orc:1)
  3 ogre magi
  2 centaur warriors
  9 two-headed ogres
  5 boulder beetles
  2 catoblepae
  A deep troll shaman (Lair:5)
  9 death yaks
  A hell knight (Volcano)
  An orc high priest (Orc:2)
  2 deep elf knights
  2 fire crabs
  Amaemon (Lair:1)
  3 skysharks
  A swamp dragon (Lair:3)
  An arcanist (D:13)
  A harpy (shapeshifter) (D:13)
  3 deep elf pyromancers
  A deep elf archer (Elf:1)
  4 orc knights
  A deep elf zephyrmancer (Elf:1)
  3 ugly things
  4 orc sorcerers
  7 cyclopes
  An oklob plant (Lair:3)
  4 manticores
  3 elephants (Lair:5)
  5 black mambas
  A torpor snail (Lair:3)
  6 slime creatures (D:12)
  A black mamba (shapeshifter) (D:13)
  Joseph (D:10)
  12 cane toads
  2 ice statues (IceCv)
  A gargoyle (D:12)
  An unseen horror (D:12)
  4 rime drakes
  7 komodo dragons
  A kobold demonologist (D:10)
  An orange demon (Lair:1)
  A tengu conjurer (D:13)
  10 ice devils
  An anaconda simulacrum (IceCv)
  4 polar bears
  4 trolls
  3 hornets
  Prince Ribbit (Lair:1)
  21 blink frogs
  2 saltlings (Elf:1)
  2 wraiths
  A shadow (D:9)
  An air elemental (Elf:1)
  2 dire elephant simulacra (IceCv)
  2 vampires (D:11)
  56 yaks
  2 wyverns
  2 basilisks
  The ghost of mihai the Magician, an amateur DjFE (D:3)
  2 wargs
  4 vampire mosquitoes
  2 harpy simulacra (IceCv)
  A death yak simulacrum (IceCv)
  16 water moccasins
  A water moccasin (shapeshifter) (D:9)
  An acid dragon (D:12)
  5 hydra simulacra (IceCv)
  5 black bears
  2 ice beasts
  27 orc warriors
  A sky beast (D:8)
  A laughing skull (D:9)
  6 ogres
  11 wolves
  A phantom (D:3)
  10 centaurs
  2 kobold brigands (D:6)
  8 bullfrogs
  8 scorpions
  2 necrophages (D:8)
  9 wights
  19 killer bees
  4 electric eels (D:10)
  2 centaur zombies (D:8)
  4 howler monkeys
  2 bombardier beetles
  A human zombie (D:8)
  4 jellies
  26 orc priests
  A gnoll bouda (D:10)
  3 iguanas
  36 orc wizards
  A spriggan simulacrum (IceCv)
  6 hell rats (Lair:4)
  A killer bee zombie (D:8)
  2 mummies (D:8)
  A howler monkey zombie (D:8)
  15 adders
  A white imp (D:7)
  3 ufetubi
  3 ribbon worms
  4 dart slugs
  70 orcs
  6 endoplasms
  3 giant cockroaches
  7 goblins
  4 hobgoblins
  7 jackals
  2 quokkas
  9 ball pythons
  3 bats
  2 frilled lizards (D:1)
  7 kobolds
  8 rats
  A spectral hobgoblin (D:8)
637 creatures vanquished.

Vanquished Creatures (others)
  2 orc wizards
2 creatures vanquished.

Grand Total: 639 creatures vanquished

Notes
Turn   | Place    | Note
-------+----------+-------------------------------------------
     0 | D:1      | Peloso the Minotaur Fighter began the quest for the Orb.
     0 | D:1      | Reached XP level 1. HP: 19/19 MP: 0/0
   276 | D:1      | Found Yfio's Jewellery Boutique.
   314 | D:1      | Reached XP level 2. HP: 27/27 MP: 1/1
   944 | D:2      | Reached skill level 3 in Long Blades
  1055 | D:2      | Reached XP level 3. HP: 33/33 MP: 2/2
  1319 | D:2      | Reached XP level 4. HP: 38/40 MP: 3/3
  1334 | D:2      | Found a faded altar of an unknown god.
  1524 | D:3      | Noticed a phantom
  1541 | D:3      | Killed a phantom
  1542 | D:3      | Reached skill level 4 in Long Blades
  1542 | D:3      | Reached XP level 5. HP: 21/47 MP: 4/4
  1738 | D:3      | Reached skill level 5 in Armour
  1859 | D:3      | Found a runed translucent door.
  1859 | D:3      | Noticed mihai's ghost (amateur DjFE)
  2107 | D:3      | Reached skill level 5 in Long Blades
  2114 | D:3      | Reached XP level 6. HP: 55/55 MP: 5/5
  2392 | D:4      | Found a shadowy altar of Dithmenos.
  2630 | D:4      | Reached skill level 5 in Fighting
  2670 | D:4      | Identified the +9 rapier of the Pill Bug {pain, rPois rF+++
                  | rC-}
  2744 | D:4      | Reached skill level 6 in Long Blades
  2744 | D:4      | Reached skill level 1 in Dodging
  2944 | D:4      | Reached XP level 7. HP: 25/61 MP: 6/6
  3354 | D:4      | Identified a scroll of acquirement
  3357 | D:4      | Acquired 914 gold pieces
  3389 | D:5      | Entered Level 5 of the Dungeon
  3401 | D:5      | Reached skill level 7 in Long Blades
  3427 | D:5      | Identified the +4 mace of Massacring {flame, ^Fragile rElec
                  | rF+++ Int-2}
  3523 | D:5      | Identified the +0 dagger "Pendulum" {freeze, MP+9 Int+3
                  | Dex+2}
  3604 | D:5      | Found Wuivvic's Jewellery Shoppe.
  3637 | D:5      | Found a sacrificial altar of Ru.
  4482 | D:6      | Reached skill level 8 in Long Blades
  4508 | D:6      | Reached XP level 8. HP: 70/70 MP: 7/7
  4656 | D:6      | Reached skill level 5 in Shields
  4988 | D:7      | Found an iron altar of Okawaru.
  4988 | D:7      | Found a runed translucent door.
  4995 | D:7      | Found the +0 toga "Victory" {*Victory Clar}
  5025 | D:7      | Became a worshipper of Warmaster Okawaru
  5156 | D:7      | Reached skill level 9 in Long Blades
  5684 | D:7      | Found Wyefufry's General Store.
  5688 | D:7      | Bought a scroll of enchant weapon for 82 gold pieces
  5688 | D:7      | Bought a potion of berserk rage for 55 gold pieces
  5688 | D:7      | Bought a scroll of identify for 22 gold pieces
  5717 | D:7      | Found a staircase to the Ecumenical Temple.
  5770 | D:7      | Reached skill level 10 in Long Blades
  5789 | D:7      | Reached * piety under Okawaru
  5811 | D:7      | Reached XP level 9. HP: 69/78 MP: 8/8
  6611 | D:8      | Found a hide-covered altar of Uskayaw.
  6611 | D:8      | Found a stormy altar of Qazlal.
  6789 | D:8      | Reached ** piety under Okawaru
  6790 | D:8      | Reached skill level 11 in Long Blades
  6812 | D:8      | Reached skill level 1 in Stealth
  7012 | D:8      | Found an ancient bone altar of Kikubaaqudgha.
  7211 | D:8      | Identified the orb of Duub {*channel, rPois rCorr Int-4}
  7213 | D:8      | Found a hazy altar of Hepliaklqana.
  7487 | D:8      | Reached XP level 10. HP: 62/88 MP: 9/9
  7599 | D:8      | Reached skill level 12 in Long Blades
  7669 | D:8      | Found a basalt altar of Yredelemnul.
  7739 | D:8      | Reached *** piety under Okawaru
  7899 | D:9      | Found a burning altar of Makhleb.
  7900 | D:9      | Found a broken altar of Ashenzari.
  7900 | D:9      | Found a blossoming altar of Fedhas.
  8017 | D:9      | Found a white marble altar of Elyvilon.
  8617 | D:9      | Found a staircase to the Lair.
  8625 | D:9      | Found a shimmering altar of Xom.
  8670 | D:9      | Reached **** piety under Okawaru
  8671 | D:9      | Reached skill level 13 in Long Blades
  9066 | D:10     | Entered Level 10 of the Dungeon
  9276 | D:10     | Found a sparkling altar of Nemelex Xobeh.
  9283 | D:10     | Found a staircase to the Orcish Mines.
  9353 | D:10     | Noticed a two-headed ogre
  9365 | D:10     | Killed a two-headed ogre
  9391 | D:10     | Reached skill level 10 in Armour
  9664 | D:9      | Noticed a deep elf pyromancer
  9664 | D:9      | Noticed a manticore
  9664 | D:9      | Noticed an ogre mage
  9664 | D:9      | Noticed a fire crab
  9711 | D:10     | Killed a manticore
  9711 | D:10     | Reached ***** piety under Okawaru
  9826 | D:9      | Killed a deep elf pyromancer
  9827 | D:9      | Reached XP level 11. HP: 97/99 MP: 10/10
  9842 | D:9      | Noticed a centaur warrior
  9865 | D:9      | Killed a centaur warrior
  9866 | D:9      | Reached skill level 14 in Long Blades
  9905 | D:9      | Killed a fire crab
 10144 | D:9      | Reached skill level 10 in Fighting
 10236 | D:9      | Killed an ogre mage
 10553 | D:10     | Noticed Joseph
 10594 | D:10     | Killed Joseph
 10897 | D:10     | Received a gift from Okawaru
 11104 | D:10     | Found a snail-covered altar of Cheibriados.
 11312 | D:11     | Reached skill level 1 in Invocations
 12281 | D:11     | Noticed a boulder beetle
 12314 | D:11     | Killed a boulder beetle
 12465 | D:11     | Noticed a two-headed ogre
 12469 | D:11     | Killed a two-headed ogre
 12565 | D:11     | Identified the +2 leather armour of Wuokoo {rCorr}
 13006 | Lair:1   | Entered Level 1 of the Lair of Beasts
 13007 | Lair:1   | Noticed Prince Ribbit
 13048 | D:9      | Reached XP level 12. HP: 65/110 MP: 11/11
 13203 | Lair:1   | Killed Prince Ribbit
 13316 | Lair:1   | Reached skill level 15 in Long Blades
 13498 | Lair:1   | Received a gift from Okawaru
 13796 | Lair:1   | Noticed Amaemon
 13814 | Lair:1   | Killed Amaemon
 15003 | Lair:2   | Noticed a boulder beetle
 15705 | Lair:2   | Killed a boulder beetle
 15705 | Lair:2   | Received a gift from Okawaru
 16207 | Lair:2   | Reached skill level 15 in Armour
 16325 | Lair:2   | Noticed a boulder beetle
 16350 | Lair:2   | Reached skill level 1 in Short Blades
 16521 | Lair:2   | Killed a boulder beetle
 17524 | D:12     | Reached XP level 13. HP: 53/119 MP: 13/13
 17718 | D:12     | Received a gift from Okawaru
 17797 | D:12     | Found a frozen archway.
 18006 | IceCv    | Entered an ice cave
 18289 | IceCv    | Reached skill level 16 in Long Blades
 18983 | IceCv    | Noticed a reaper
 18989 | IceCv    | Killed a reaper
 19538 | D:12     | Identified the +2 dagger "Egau" {vamp, Will++}
 19743 | Orc:1    | Entered Level 1 of the Orcish Mines
 19765 | Orc:1    | Received a gift from Okawaru
 19803 | Orc:1    | Noticed Fannar
 19806 | Orc:1    | Found a dark tunnel.
 19814 | Orc:1    | Killed Fannar
 19856 | Volcano  | Entered a volcano
 19901 | Volcano  | Found a radiant altar of Vehumet.
 20405 | Orc:1    | Noticed a kraken
 20805 | Lair:3   | Reached XP level 14. HP: 119/133 MP: 13/15
 20853 | Lair:3   | Reached skill level 17 in Long Blades
 20897 | Lair:3   | Reached skill level 15 in Fighting
 21093 | Lair:3   | Found a staircase to the Swamp.
 21288 | Lair:3   | Found a transporter.
 21295 | Lair:3   | Noticed NoWhale's ghost (journeyman HuIE)
 21328 | Lair:3   | Found a transporter.
 21388 | Lair:3   | Found a hole to the Spider Nest.
 21927 | Orc:2    | Entered Level 2 of the Orcish Mines
 21931 | Orc:2    | Found a staircase to the Elven Halls.
 22111 | Orc:2    | Noticed an orc warlord
 22187 | Orc:1    | Killed an orc warlord
 22698 | Orc:2    | Received a gift from Okawaru
 22760 | Orc:2    | Found Xighe's General Store.
 22795 | Orc:2    | Found Uvotip's Antique Weapon Emporium.
 22814 | Orc:2    | Found Ujirch's Antique Armour Emporium.
 22830 | Orc:2    | Bought a translucent buckler for 247 gold pieces
 22830 | Orc:2    | Identified the +0 buckler of the Dull God {*Corrode rElec
                  | Str+5} (You bought it in a shop on level 2 of the Orcish
                  | Mines)
 22852 | Orc:2    | Found Avviet's Book Emporium.
 22892 | Orc:2    | Found Muemuz's Jewellery Emporium.
 23671 | Lair:4   | Reached skill level 5 in Dodging
 24168 | Lair:4   | Noticed Snorg
 24178 | Lair:4   | Killed Snorg
 24715 | D:3      | Killed mihai's ghost
 25371 | D:13     | Noticed a tengu reaver
 25385 | D:13     | Killed a tengu reaver
 25386 | D:13     | Reached skill level 18 in Long Blades
 25435 | D:13     | Identified the +3 ring mail "Meuheifute" {Str+4}
 25442 | D:13     | Received a gift from Okawaru
 25443 | D:13     | Reached skill level 1 in Axes
 25545 | D:13     | Reached XP level 15. HP: 35/137 MP: 16/16
 25666 | D:13     | Identified the +7 trident "Conservator" {venom, Str+5}
 26334 | Lair:5   | Entered Level 5 of the Lair of Beasts
 26709 | Lair:5   | Found a staircase to the Slime Pits.
 26724 | Lair:5   | Noticed Nessos
 26761 | Lair:5   | Killed Nessos
 27253 | Lair:5   | Received a gift from Okawaru
 27379 | Lair:5   | Identified the staff "Trog's Righteous Fury" {rPois rC+
                  | Necro Ice}
 27734 | Elf:1    | Entered Level 1 of the Elven Halls
 27755 | Elf:1    | Found a crumbling gateway.
 27776 | Elf:1    | Paralysed by an air elemental for 1 turns
 27830 | Elf:1    | HP: 6/147 [deep elf archer/+0 dagger (7)]
 27831 | Elf:1    | Incinerated by a deep elf pyromancer

Illustrated notes

Levels and vault maps discovered:
D:1:      giann_horns, layout_loops_ring, serial_shops, shop, minmay_tromino_i2
D:2:      layout_basic, shapermc_ecumenical_altar_gd, minmay_bisected
D:3:      layout_rooms, ebering_ghost_inner_flame, minmay_snake_closets
D:4:      wad_pebble_path, layout_basic, kennysheep_mini_moat, nrook_campfire,
          amcnicky_mini_pool_small
D:5:      layout_gridville, amcnicky_altar_gilded, serial_shops,
          nicolae_shop_gaudy_bauble
D:6:      layout_basic, grunt_decor_arrowhead, minmay_unpleasant_kobolds
D:7:      layout_loops_corners, nicolae_overflow_guarded_unrand_okawaru_victory,
          minmay_temple_entry_wispy, serial_shops, shop
D:8:      layout_loops_corners, nicolae_overflow_hidden_temple,
          nicolae_hepliaklqana_monster_ancestors,
          mainiacjoe_overflow_divided_tiny, lemuel_mausoleum_altar_yredelemnul
D:9:      minmay_klotski, layout_long_grid, marbit_many_paths,
          nicolae_overflow_quartered_altars, lair_entry_dummy,
          minmay_misc_feat_tower, serial_bayou_pond_b
D:10:     statuecave_lemuel, layout_loops_ring, slow_altar_2,
          old_standard_altar, uniq_joseph
D:11:     layout_stronghold
D:12:     layout_gridville, portal_ice_cave_demonic_guard, grunt_ministairs_5,
          minmay_starry_boxes
D:13:     minmay_textured_paths, layout_long_grid
Lair:1:   layout_cave_pods, infiniplex_staircase_pool_2, lemuel_fruit_fields,
          uniq_prince_ribbit2, uniq_amaemon
Lair:2:   layout_regular_city, serial_bayou_shore_b, grunt_megastairs_3
Lair:3:   layout_chaotic_city, mainiacjoe_swamp_entry_lozenge_pond,
          nicolae_spider_entry_non_spiders, gammafunk_ghost_berserking_beasts,
          minivault_19
Lair:4:   layout_roguey, beast_lair_carwin_5, uniq_snorg
Lair:5:   grunt_lair_end_beastmaster, layout_layer_cave, slime_entry_1,
          st_stairs_6, cheibrodos_lair_lostbears, uniq_nessos
Orc:1:    layout_caves, basic_altar, enter_volcano_1,
          mainiacjoe_minedec_watcher_in_the_water, uniq_fannar
Orc:2:    grunt_orc_cross, layout_diamond_mine, basic_altar, serial_shops,
          nicolae_shop_waterfront
Elf:1:    layout_gridlike, portal_desolation_entry_salt,
          hangedman_elf_represent, uniq_louise

Skill      XL: |  1  2  3  4  5  6  7  8  9 10 11 12 13 14 15 |
---------------+----------------------------------------------+-----
Armour         | 4 5 6 7 8 10 12 15 16 17 | 17.9
Fighting       | 4 5 6 8 9 11 12 14 16 17 | 17.5
Long Blades    | 3 4 5 6 8 10 11 13 14 15 16 18 | 18.7
Shields        | 4 5 6 7 |  7.0
Dodging        | 1 2 3 4 6 7 |  7.1
Stealth        | 1 |  1.8
Invocations    | 1 3 |  3.3
Short Blades   | 1 4 |  4.7
Axes           | 1 2 |  2.3
Evocations     | |  0.2

Action                     |  1- 3 |  4- 6 |  7- 9 | 10-12 | 13-15 || total
---------------------------+-------+-------+-------+-------+-------++-------
  Melee: Long sword        |    77 |   142 |   370 |   949 |   754 ||  2292
         Headbutt          |     6 |    24 |    72 |   248 |   432 ||   782
         Rapier            |       |       |       |    14 |    58 ||    72
         Scimitar          |       |       |       |       |   578 ||   578
         Broad axe         |       |       |       |       |    20 ||    20
 Invoke: Heroism           |       |       |       |    15 |    29 ||    44
  Evoke: Wand              |       |       |       |     3 |       ||     3
    Use: Potion            |     3 |       |       |     2 |     7 ||    12
         Scroll            |       |     1 |     8 |     5 |    11 ||    25
 Armour: Scale mail        |    44 |       |       |       |       ||    44
         Chain mail        |    21 |    93 |       |       |  1025 ||  1139
         Plate armour      |       |    18 |   407 |   938 |   176 ||  1539
  Dodge: Dodged            |    41 |    55 |   125 |   323 |   824 ||  1368
  Block: Buckler           |    24 |    32 |    85 |       |       ||   141
